 Dungeon Crawl Stone Soup version 0.28.0-43-g3370ac3207 (webtiles) character file.

Game seed: 2424529395071198767

16146 croobank the Fighter (level 12, -2/110 HPs)
             Began as a Hill Orc Fighter on Mar 14, 2022.
             Was an Elder of Beogh.
             Killed by divine providence
             ... invoked by an orc high priest
              (13 damage)
             ... on level 2 of the Orcish Mines.
             The game lasted 01:11:08 (16143 turns).

croobank the Fighter (Hill Orc Fighter)            Turns: 16143, Time: 01:11:20

Health: -2/110     AC: 16    Str: 22      XL:     12   Next: 34%
Magic:  20/20      EV:  9    Int:  9 (10) God:    Beogh [****..]
Gold:   532        SH: 11    Dex: 10      Spells: 11/11 levels left

rFire   . . .      SeeInvis .   L - +6 flail "Timot" {venom, rC+ Int+2}
rCold   + . .      Faith    +   i - +0 kite shield
rNeg    . . .      Spirit   .   N - +1 acid dragon scales
rPois   .          Reflect  .   P - +2 hat
rElec   .          Harm     .   X - +2 cloak
rCorr   +          Rampage  .   n - +0 pair of gloves
Will    .....                   (no boots)
Stlth   +.........              w - amulet of faith
HPRegen 0.28/turn               F - ring of resist corrosion
MPRegen 0.17/turn               (no ring)

@: hasted (expiring), unable to read, very quick
A: weak 1, inability to read while threatened
a: Renounce Religion, Smiting, Recall Orcish Followers


You were on level 2 of the Orcish Mines.
You worshipped Beogh.
Beogh was greatly pleased with you.
You visited 3 branches of the dungeon, and saw 15 of its levels.
You also visited: Volcano.

You collected 681 gold pieces.
You spent 149 gold pieces at shops.

Inventory:

Hand Weapons
 a - a +2 war axe
 k - a +2 dagger of speed
 o - a +0 shortbow of freezing
 p - a +3 dagger
 x - a +0 dire flail
 y - a +1 vorpal dire flail
 E - a +2 vampiric long sword
 K - a +3 battleaxe
 L - the +6 flail "Timot" (weapon) {venom, rC+ Int+2}
   (You took it off an orc warrior on level 8 of the Dungeon)

   It poisons the flesh of those it strikes.
   Int:       It affects your intelligence (+2).
   rC:        It protects you from cold.
 Y - a +1 long sword of flaming
Missiles
 e - 401 stones (quivered)
 f - 26 poisoned darts
 j - 2 silver javelins
 l - 145 sling bullets
 m - 68 bolts
 r - 293 arrows
 A - 13 boomerangs
Armour
 c - a +0 buckler
 d - a +0 tower shield
 i - a +0 kite shield (worn)
 n - a +0 pair of gloves (worn)
 z - a +0 plate armour
 C - a +4 chain mail of cold resistance
 N - +1 acid dragon scales (worn)
 P - a +2 hat (worn)
 X - a +2 cloak (worn)
Jewellery
 v - a ring of flight
 w - an amulet of faith (around neck)
 F - a ring of resist corrosion (left hand)
 I - an amulet of guardian spirit
 V - a ring of resist corrosion
Wands
 D - a wand of polymorph (4)
 G - a wand of mindburst (2)
 J - a wand of flame (10)
 T - a wand of digging (5)
 U - a wand of acid (3)
 W - a wand of iceblast (2)
Scrolls
 s - a scroll of fog
 t - 2 scrolls of amnesia
 H - 3 scrolls of magic mapping
 O - a scroll of teleportation
 R - a scroll of blinking
 S - a scroll of summoning {unknown}
Potions
 b - a potion of ambrosia {unknown}
 g - a potion of haste
 q - 3 potions of lignification
 B - 2 potions of flight
Miscellaneous
 u - a condenser vane (inert)
 Q - a lightning rod (4/4)


   Skills:
 + Level 11.4 Fighting
 - Level 10.5(11.1) Axes
 + Level 4.8(7.4) Maces & Flails
 + Level 10.5 Armour
 + Level 10.5 Shields
 + Level 10.9 Invocations


You had 11 spell levels left.
You didn't know any spells.
Your spell library contained the following spells:

 Spells                   Type           Power      Damage    Failure   Level
 Animate Skeleton         Necr           0%         N/A       71%         1
 Apportation              Tloc           0%         N/A       71%         1
 Foxfire                  Conj/Fire      0%         2x1d4     71%         1
 Pain                     Necr           0%         1d4       71%         1
 Conjure Flame            Conj/Fire      0%         6-21      97%         3
 Inner Flame              Hex/Fire       0%         N/A       97%         3
 Vampiric Draining        Necr           0%         2d6       97%         3
 Flame Wave               Conj/Fire      0%         2d4       100%        4
 Alistair's Intoxication  Tmut/Pois      0%         N/A       100%        5


Dungeon Overview and Level Annotations

Branches:
Dungeon (12/15)            Temple (0/1) D:7            Lair (1/6) D:9
    Orc (2/2) D:12            Elf (0/3) Orc:2       Volcano (visited)

Altars:
The Shining One

Shops:
D:4 ![?

Annotations:
Orc:2 Azrael


Innate Abilities, Weirdness & Mutations

You are weak. (Str -2)
You sometimes lose the ability to read scrolls when taking damage.


Message History

Press: ? - help, Shift-Dir - straight line, f - orc sorcerer
Aim: an orc sorcerer, wielding a +0 dagger and wearing a +2 robe of the Archmagi (chance to affect: 47%)
The orc sorcerer resists with some effort.
Something closely misses your orc priest.
A magic dart appears from out of thin air!
The magic dart hits you!
* * * LOW HITPOINT WARNING * * *
Your orc priest closely misses the orc warrior.
The hellwing hits your orc priest but does no damage.
The hellwing hits your orc priest!
Your orc priest dies!
The orc warrior hits you with a +1 trident of protection!
* * * LOW HITPOINT WARNING * * *
You block the orc sorcerer's attack. Something hits you but does no damage.
Things that are here:
a +0 dire flail; a +0 chain mail You block the orc warrior's attack.
A magic dart appears from out of thin air!
The magic dart hits something.
Something hits you but does no damage.
Your extra speed is starting to run out.
The hellwing swoops through the air toward you!
The hellwing hits you.
* * * LOW HITPOINT WARNING * * *
The hellwing hits you.
* * * LOW HITPOINT WARNING * * *
You hear some strange, mumbled words.
The orc sorcerer gestures wildly while chanting.
You see here 11 gold pieces.
Okay, then.
You see here a hell hound corpse.
There is a stone staircase leading down, spattered with blood here.
You hear a shout!
You climb downwards.
Level annotation: Azrael Reactivating autopickup.
The orc high priest calls down the wrath of Beogh upon you.
Beogh smites you!
You die...
Beogh appreciates the orc high priest's killing of a heretic priest.

..................#
............#.....#
.................##
.........O.......##
.....°○○...○......#
...#○.☼#○#..R.....#
..○R#.##°#...o....#
.☼○####......o○..##
○☼.# #.........E@.#
○................##
#...............##
..#.....#......#. .
.............. ..
..$..........# ...
..........$##
.........## ...##..


You could see Azrael, an orc high priest, a two-headed ogre, a fire elemental
and an orc.

Vanquished Creatures
  Gastronok (D:8)
  A boulder beetle (D:11)
  Harold (D:9)
  A two-headed ogre (D:11)
  Sonja (D:12)
  Maurice (D:11)
  A cyclops (D:12)
  2 unseen horrors (D:12)
  Maggie (D:8)
  3 cane toads (Lair:1)
  2 komodo dragons
  3 trolls
  Prince Ribbit (D:7)
  A hornet (D:9)
  A wyvern (D:10)
  11 yaks
  Eustachio (D:5)
  2 wraiths
  A basilisk (D:12)
  3 steam dragons
  An acid dragon (D:8)
  4 water moccasins
  A hell hound (Orc:1)
  7 orc warriors
  2 ice beasts
  3 sky beasts
  2 necrophages
  A black bear (D:6)
  3 ogres
  5 wolves (Lair:1)
  6 centaurs
  A phantom (D:6)
  3 bullfrogs
  2 gnoll sergeants (D:9)
  8 scorpions
  A killer bee (D:9)
  4 wights (D:6)
  3 jellies (D:5)
  2 howler monkeys (D:10)
  2 centaur zombies
  A gnoll shaman (D:9)
  4 hounds
  A centaur skeleton (D:7)
  An orc priest (D:8)
  5 iguanas
  11 orc wizards
  2 hound skeletons (D:5)
  A howler monkey zombie (D:8)
  Robin (D:2)
  8 gnolls
  4 adders
  A shadow imp (D:6)
  A white imp (D:4)
  An ufetubus (D:5)
  3 worms
  2 dart slugs
  20 orcs
  5 ball pythons
  13 endoplasms
  6 giant cockroaches
  15 goblins
  11 hobgoblins
  2 jackals (D:1)
  5 quokkas
  4 bats
  A frilled lizard (D:2)
  3 kobolds
  8 rats
240 creatures vanquished.

Vanquished Creatures (collateral kills)
  2 two-headed ogres (D:11)
  A manticore (D:11)
  A centaur zombie (D:11)
  Psyche (D:11)
  4 centaurs (D:11)
  A wight (D:9)
  2 electric eels (D:12)
  3 howler monkeys
  2 orc wizards (D:9)
  A gnoll (D:9)
  An orc (Orc:1)
19 creatures vanquished.

Vanquished Creatures (others)
  2 orc warriors
  5 orc wizards
  2 orc priests
  15 orcs
  A giant cockroach (D:4)
  3 hobgoblins (D:4)
  2 demonic plants (D:2)
  3 fungi
  19 plants (Lair:1)
52 creatures vanquished.

Grand Total: 311 creatures vanquished

Notes
Turn   | Place    | Note
-------+----------+-------------------------------------------
     0 | D:1      | croobank the Hill Orc Fighter began the quest for the Orb.
     0 | D:1      | Reached XP level 1. HP: 19/19 MP: 1/1
   169 | D:1      | Reached XP level 2. HP: 22/27 MP: 2/2
   352 | D:1      | Reached skill level 4 in Fighting
   467 | D:1      | Reached XP level 3. HP: 33/33 MP: 3/3
   900 | D:2      | Noticed Robin
   911 | D:2      | Killed Robin
   934 | D:2      | Reached XP level 4. HP: 33/40 MP: 4/4
  1024 | D:2      | Found a faded altar of an unknown god.
  1902 | D:3      | Reached XP level 5. HP: 21/47 MP: 5/5
  2294 | D:3      | Reached XP level 6. HP: 46/55 MP: 6/6
  2358 | D:3      | Reached skill level 5 in Fighting
  2940 | D:4      | Became a worshipper of Beogh the Brigand
  3029 | D:4      | Reached skill level 5 in Axes
  3425 | D:4      | Found Zathruju's Distillery.
  3430 | D:4      | Bought a potion of heal wounds for 55 gold pieces
  3430 | D:4      | Bought a potion of heal wounds for 55 gold pieces
  3654 | D:4      | Found Nunopaid's Magic Scroll Shop.
  3663 | D:4      | Bought a scroll of teleportation for 39 gold pieces
  4076 | D:4      | Found Zica's Antique Armour Shop.
  4096 | D:5      | Entered Level 5 of the Dungeon
  4096 | D:5      | Noticed a necrophage
  4111 | D:5      | Killed a necrophage
  4112 | D:5      | Reached skill level 5 in Armour
  4112 | D:5      | Reached skill level 5 in Shields
  4112 | D:5      | Reached skill level 1 in Invocations
  4112 | D:5      | Reached XP level 7. HP: 54/61 MP: 7/7
  4147 | D:5      | Noticed Eustachio
  4154 | D:5      | Killed Eustachio
  4332 | D:5      | Noticed a steam dragon
  4347 | D:5      | Killed a steam dragon
  4348 | D:5      | Reached skill level 6 in Fighting
  4374 | D:5      | Reached * piety under Beogh
  4375 | D:5      | Reached XP level 8. HP: 15/70 MP: 10/10
  5769 | D:6      | Reached skill level 7 in Fighting
  5925 | D:6      | Reached XP level 9. HP: 38/78 MP: 12/12
  6158 | D:6      | Reached skill level 5 in Invocations
  7132 | D:7      | Found a staircase to the Ecumenical Temple.
  7418 | D:7      | Reached ** piety under Beogh
  7435 | D:7      | Reached skill level 8 in Fighting
  8049 | D:7      | Noticed Prince Ribbit
  8053 | D:7      | Killed Prince Ribbit
  8429 | D:7      | Found a glowing golden altar of the Shining One.
  8630 | D:8      | Reached XP level 10. HP: 74/90 MP: 15/15
  8671 | D:8      | Noticed Maggie
  8742 | D:8      | Identified the +6 flail "Timot" {venom, rC+ Int+2}
  9223 | D:8      | Killed Maggie
  9563 | D:8      | Reached skill level 9 in Fighting
  9814 | D:8      | Noticed Gastronok
  9827 | D:8      | Killed Gastronok
  9962 | D:8      | You fall into a shaft and drop 1 floor!
  9981 | D:9      | Reached skill level 10 in Axes
  9990 | D:9      | Reached *** piety under Beogh
 10201 | D:9      | Found a staircase to the Lair.
 10271 | D:9      | Noticed Harold
 10298 | Lair:1   | Entered Level 1 of the Lair of Beasts
 10335 | Lair:1   | Noticed a cane toad
 10342 | Lair:1   | Killed a cane toad
 10343 | Lair:1   | Reached XP level 11. HP: 99/99 MP: 17/17
 10591 | Lair:1   | Reached skill level 10 in Fighting
 10887 | Lair:1   | Found a dark tunnel.
 10896 | Volcano  | Entered a volcano
 10912 | Volcano  | Noticed an ogre mage
 10951 | Volcano  | Noticed a two-headed ogre
 10959 | Volcano  | Noticed a two-headed ogre
 10974 | Volcano  | Noticed a two-headed ogre
 11050 | Lair:1   | Reached skill level 1 in Maces & Flails
 11554 | Lair:1   | Noticed a seven-headed hydra
 11557 | Lair:1   | Identified a scroll of acquirement
 11557 | Lair:1   | Acquired 1137 gold pieces
 12118 | D:9      | Killed Harold
 13181 | D:10     | Entered Level 10 of the Dungeon
 13668 | D:11     | Noticed a manticore
 13671 | D:11     | Killed a manticore
 13671 | D:11     | Reached **** piety under Beogh
 13672 | D:11     | Noticed Maurice
 13685 | D:11     | Killed Maurice
 14380 | D:11     | Noticed Psyche
 14392 | D:11     | Killed Psyche
 14397 | D:11     | Reached skill level 10 in Invocations
 14820 | D:11     | Noticed a two-headed ogre
 14831 | D:11     | Killed a two-headed ogre
 14832 | D:11     | Reached skill level 10 in Armour
 14832 | D:11     | Reached skill level 10 in Shields
 15107 | D:11     | Noticed a two-headed ogre
 15114 | D:11     | Killed a two-headed ogre
 15221 | D:11     | Noticed a boulder beetle
 15232 | D:11     | Killed a boulder beetle
 15233 | D:11     | Reached skill level 11 in Fighting
 15233 | D:11     | Reached XP level 12. HP: 91/110 MP: 19/19
 15380 | D:11     | Noticed a two-headed ogre
 15394 | D:11     | Killed a two-headed ogre
 15576 | D:12     | Noticed Sonja
 15588 | D:12     | Killed Sonja
 15933 | D:12     | Found a staircase to the Orcish Mines.
 15957 | Orc:1    | Entered Level 1 of the Orcish Mines
 16011 | Orc:2    | Entered Level 2 of the Orcish Mines
 16011 | Orc:2    | Found a staircase to the Elven Halls.
 16063 | Orc:2    | Noticed a two-headed ogre
 16063 | Orc:2    | Noticed an ogre mage
 16063 | Orc:2    | Noticed a two-headed ogre
 16065 | Orc:2    | Noticed Azrael
 16071 | Orc:2    | Noticed an orc high priest
 16078 | Orc:2    | Noticed a soul eater
 16079 | Orc:2    | Gained mutation: You are weak. (Str -2) [a neqoxec]
 16082 | Orc:2    | Gained mutation: You sometimes lose the ability to read
                  | scrolls when taking damage. [a neqoxec]
 16143 | Orc:2    | Killed from afar by an orc high priest

Illustrated notes

Levels and vault maps discovered:
D:1:      eino_arrival_cavern_b, layout_basic, minmay_misc_feat_room
D:2:      layout_basic, shapermc_ecumenical_altar_gd, minmay_pentomino_x2,
          uniq_robin
D:3:      layout_basic
D:4:      layout_loops_ring, serial_shops, nicolae_shop_trees, shop,
          shop_fountains, minmay_starry_boxes
D:5:      nicolae_cairo_tiling, layout_basic, minmay_quadrilaterals,
          uniq_eustachio
D:6:      layout_loops_cross, grunt_decor_one_mirror,
          nicolae_concentric_dashed_squares_wild
D:7:      layout_basic, lemuel_tele_altar, minmay_temple_entry_large_hall,
          uniq_prince_ribbit1
D:8:      layout_loops_ring, grunt_decor_fettered, uniq_gastronok, uniq_maggie
D:9:      minmay_recursive_quarters, layout_cave_pods, uniq_harold
D:10:     layout_cave_pools, serial_glass, glass_columns_a, glass_columns_c,
          due_unseen_surprise
D:11:     layout_gridville, uniq_psyche, uniq_maurice
D:12:     layout_basic, erik_orc_2, special_room [special_room_bee], uniq_snorg,
          uniq_sonja
Lair:1:   layout_gridlike, enter_volcano_1
Orc:1:    layout_diamond_mine, gammafunk_ghost_necromancy, mines_bat_river
Orc:2:    st_orc_ogre_mass, layout_caves, serial_shops, shop,
          lightli_church_of_beogh, uniq_azrael

Skill      XL: |  1  2  3  4  5  6  7  8  9 10 11 12 |
---------------+-------------------------------------+-----
Axes           | 3 4 5 6 7 8 10 | 10.5
Fighting       | 4 5 6 7 8 9 11 | 11.4
Armour         | 4 5 6 7 8 10 | 10.5
Shields        | 4 5 6 7 8 10 | 10.5
Invocations    | 1 3 4 6 8 10 | 10.9
Maces & Flails | 3 4 |  4.8

Action                   |  1- 3 |  4- 6 |  7- 9 | 10-12 || total
-------------------------+-------+-------+-------+-------++-------
Melee: War axe           |   100 |   194 |   265 |    23 ||   582
       Flail             |       |       |       |   349 ||   349
       Dagger            |       |       |       |     7 ||     7
Throw: Boomerang         |       |     1 |    32 |     3 ||    36
       Throwing net      |       |       |       |     4 ||     4
Invok: Convert to Beogh  |       |     1 |       |       ||     1
       Smiting           |       |       |       |     6 ||     6
       Recall Orcish Fol |       |       |       |     3 ||     3
Evoke: Wand              |       |       |       |    35 ||    35
       Condenser vane    |       |       |       |     1 ||     1
       Lightning rod     |       |       |       |     1 ||     1
  Use: Potion            |       |     2 |     4 |     9 ||    15
       Scroll            |       |     9 |     1 |    15 ||    25
 Stab: Distracted        |       |       |       |     2 ||     2
Armor: Scale mail        |    52 |    99 |    22 |       ||   173
       Steam dragon scal |       |       |    97 |    28 ||   125
       Acid dragon scale |       |       |       |   187 ||   187
       Skin              |       |       |       |     1 ||     1
Dodge: Dodged            |    58 |    80 |   119 |   190 ||   447
Block: Buckler           |    35 |    33 |    57 |    25 ||   150
       Kite shield       |       |       |       |   212 ||   212
